 Dungeon Crawl Stone Soup version 0.29.1-2-gbd0b4ee654 (webtiles) character file.

Game seed: 15175904934794023030

23 KittyFluff the Trooper (level 3, 0/36 HPs)
             Began as a Gargoyle Berserker on Nov 15, 2022.
             Was a Follower of Trog.
             Slain by Terence
             ... wielding a +0 flail
              (3 damage)
             ... on level 2 of the Dungeon.
             The game lasted 00:04:38 (1218 turns).

KittyFluff the Trooper (Gargoyle Berserker)         Turns: 1218, Time: 00:04:38

Health: 0/36       AC:  6    Str: 20    XL:     3   Next: 0%
Magic:  3/3        EV: 12    Int:  7    God:    Trog [*.....]
Gold:   50         SH:  0    Dex: 11    Spells: 2/2 levels left

rFire   . . .      SeeInvis .   a - +0 mace
rCold   . . .      Faith    .   (no shield)
rNeg    + . .      Spirit   .   b - +0 animal skin
rPois   ∞          Reflect  .   (no helmet)
rElec   +          Harm     .   (no cloak)
rCorr   .          Rampage  .   k - +0 pair of gloves
Will    .....                   (no boots)
Stlth   ..........              i - amulet of regeneration
HPRegen 0.92/turn               (no ring)
MPRegen 0.08/turn               (no ring)

@: berserking, very quick
A: sickness immunity, AC +3, negative energy resistance 1, electricity
resistance, torment resistance 1, petrification resistance
a: Renounce Religion, Berserk


You were on level 2 of the Dungeon.
You worshipped Trog.
Trog was aware of your devotion.
You visited 1 branch of the dungeon, and saw 2 of its levels.

You collected 50 gold pieces.

Inventory:

Hand Weapons
 a - a +0 mace (weapon)
Missiles
 d - 6 atropa-tipped darts (quivered)
Armour
 b - a +0 animal skin (worn)
 k - a +0 pair of gloves (worn)
Jewellery
 i - an amulet of regeneration (around neck)
Scrolls
 c - a scroll of poison {unknown}
 f - a scroll of teleportation {unknown}
 g - a scroll of summoning {unknown}
 h - a scroll of magic mapping {unknown}
 j - 2 scrolls of identify {unknown}
 l - a scroll of enchant weapon {unknown}
Potions
 e - a potion of invisibility {unknown}


   Skills:
 + Level 3.8 Fighting
 + Level 3.3 Maces & Flails
 * Level 2.5 Armour
 + Level 1.6 Dodging


You had 2 spell levels left.
You didn't know any spells.
Your spell library was empty.

Dungeon Overview and Level Annotations

Branches:
Dungeon (2/15)

Altars:

Annotations:
D:2 Terence


Innate Abilities, Weirdness & Mutations

You are immune to sickness and miasma.
Your stone body is resilient. (AC +3)
You are immune to poison.
You resist negative energy. (rN+)
You are resistant to electric shocks. (rElec)
You are resistant to unholy torment.
You are immune to petrification.


Message History

The rat misses you.
Things that are here:
a +0 club; a kobold corpse You hit the rat.
You kill the rat!
Trog accepts your kill.
You have reached level 3!
Your experience leads to an increase in your attributes!
Increase (S)trength, (I)ntelligence, or (D)exterity?
You feel agile. x2
You see here a rat corpse.
Things that are here:
a +0 club; a kobold corpse Terence the Incautious comes into view.
He is wielding a +0 flail.
Terence shouts!
Terence closely misses you.
You hit Terence.
Terence is moderately wounded.
Terence hits you but does no damage.
You closely miss Terence.
Terence is moderately wounded.
Terence hits you but does no damage.
You barely miss Terence.
Terence is moderately wounded.
Terence hits you with a +0 flail!
Terence screams, "I'm going to kill you!"
Terence hits you with a +0 flail.
You hit Terence but do no damage.
Terence is moderately wounded.
Terence hits you with a +0 flail.
You hit Terence but do no damage.
Terence is moderately wounded.
Terence hits you with a +0 flail!
* * * LOW HITPOINT WARNING * * *
A red film seems to cover your vision as you go berserk!
You feel yourself moving faster!
You feel mighty! Terence closely misses you.
You hit Terence but do no damage.
Terence is moderately wounded.
Terence hits you with a +0 flail.
You die...

#...........# #.#########.#
#.####)####### #.#
#.......†)...# #.##########
........#####.# #..........##
..............###..####.###.##
.##.#######.......>###.## ##.#
#. #.#.........## ##. .
#.#@###..##.# #. # #.#@#
#..##.## #. # #.. #......# #..
##.######(#.# #.## .# #.##...#
# .# #.# ### # .# #.# # .# #.#
# #.# ##


You could see Terence.

Vanquished Creatures
  5 endoplasms
  A giant cockroach (D:1)
  2 goblins (D:1)
  A hobgoblin (D:1)
  2 quokkas
  2 ball pythons (D:1)
  2 bats (D:1)
  A frilled lizard (D:1)
  3 kobolds
  4 rats
23 creatures vanquished.

Notes
Turn   | Place    | Note
-------+----------+-------------------------------------------
     0 | D:1      | KittyFluff the Gargoyle Berserker began the quest for the
                  | Orb.
     0 | D:1      | Reached XP level 1. HP: 14/14 MP: 1/1
   327 | D:1      | Reached XP level 2. HP: 16/19 MP: 2/2
   505 | D:1      | You fall into a shaft and drop 1 floor!
  1202 | D:2      | Reached XP level 3. HP: 24/24 MP: 3/3
  1208 | D:2      | Noticed Terence
  1216 | D:2      | HP: 1/24 [Terence/+0 flail (8)]
  1218 | D:2      | Slain by Terence

Illustrated notes

Levels and vault maps discovered:
D:1:      minmay_arrival_doors, layout_loops_ring, minmay_pentomino_r4
D:2:      layout_loops_ring, hellmonk_ecumenical_altar_blasted, uniq_terence

Action                   || total
-------------------------++-------
Melee: Mace              ||    74
       Punch             ||     1
Invok: Berserk           ||     1
Armor: Animal skin       ||    26
Dodge: Dodged            ||    52
